 Dungeon Crawl Stone Soup version 0.30.0 (webtiles) character file.

Game seed: 14232925557710401570

520 attentat the Carver (level 7, -7/78 HPs)
             Began as a Merfolk Monk on May 6, 2023.
             Was an Initiate of Gozag.
             Mangled by Menkaure (13 damage)
             ... on level 4 of the Dungeon.
             The game lasted 00:14:17 (3945 turns).

attentat the Carver (Merfolk Monk)                  Turns: 3945, Time: 00:14:19

Health: -7/78      AC: 23    Str: 12    XL:     7   Next: 21%
Magic:  7/7        EV:  2    Int:  9    God:    Gozag
Gold:   272        SH:  0    Dex: 18    Spells: 6/6 levels left

rFire   . . .        a - +0 falchion
rCold   . . .        d - orb {light}
rNeg    . . .        b - melded +0 ring mail
rPois   +            (helmet currently unavailable)
rElec   .            (cloak currently unavailable)
rCorr   .            r - melded +0 pair of gloves
SInv    .            (boots currently unavailable)
Will    .....        (no amulet)
Stlth   +            (no ring)
HPRegen 0.33/turn    (no ring)
MPRegen 0.10/turn

%: no passive effects
@: mighty, tree-form, glowing
A: stationary, stasis, torment immunity, boosted hp, (nimble swimmer 2),
(mertail)
a: Renounce Religion, Potion Petition, Call Merchant, Bribe Branch


You were on level 4 of the Dungeon.
You worshipped Gozag.
Gozag was aware of your devotion.
You were a tree.
You visited 2 branches of the dungeon, and saw 6 of its levels.

You collected 342 gold pieces.
You spent 70 gold pieces at shops.

Inventory:

Hand Weapons
 a - a +0 falchion (weapon)
Missiles
 m - a throwing net (quivered)
 p - 2 boomerangs
Armour
 b - a +0 ring mail (melded)
 d - an orb of light (worn)
 q - a +0 leather armour
 r - a +0 pair of gloves (melded)
Scrolls
 e - a scroll of blinking {unknown}
 k - a scroll of enchant armour {unknown}
 l - 2 scrolls of teleportation
 o - 2 scrolls of vulnerability {unknown}
 t - 2 scrolls of fog {unknown}
Potions
 h - a potion of heal wounds {unknown}
 j - a potion of magic
 n - a potion of flight {unknown}
 u - a potion of brilliance {unknown}


   Skills:
 - Level 3.2 Fighting
 + Level 9.6 Long Blades
 - Level 4.0 Dodging


You had 6 spell levels left.
You didn't know any spells.
Your spell library contained the following spells:

 Spells                   Type           Power      Damage    Failure   Level
 Apportation              Tloc           0%         N/A       38%         1
 Ensorcelled Hibernation  Hex/Ice        0%         N/A       52%         2
 Lesser Beckoning         Tloc           0%         N/A       52%         2
 Passwall                 Tmut/Erth      0%         N/A       52%         2
 Gell's Gravitas          Tloc           0%         N/A       77%         3
 Swiftness                Air            0%         N/A       77%         3
 Teleport Other           Tloc           0%         N/A       77%         3
 Alistair's Intoxication  Tmut/Pois      0%         N/A       100%        5


Dungeon Overview and Level Annotations

Branches:
Dungeon (5/15)             Temple (1/1) D:4

Altars:
Ashenzari
Elyvilon
Fedhas
Gozag
Hepliaklqana
Makhleb
Nemelex Xobeh
Qazlal
Sif Muna
Yredelemnul
Zin
The Shining One

Shops:
D:2 !   D:3 [

Annotations:
D:4 1 runed translucent door, Crazy Yiuf, Menkaure


Innate Abilities, Weirdness & Mutations

You are a tree.
Your roots penetrate the ground, keeping you stationary.
You cannot be teleported.
You are immune to unholy pain and torment.
Your maximum health is greatly increased.
Your equipment is partially melded.
((You are very nimble when in or above water. (Stealth+, EV+, Speed+++)))
((Your lower body shifts to a powerful aquatic tail in water.))


Message History

You hit Grinder.
You kill Grinder!
Your Long Blades skill increases to level 9!
You have reached level 7!
You start resting.
You feel less wooden.
Your +0 pair of gloves unmelds from your body.
Your +0 ring mail unmelds from your body.
You start resting.
HP restored.
You now have 255 gold pieces (gained 3).
There is a stone staircase leading up, spattered with blood here.
Okay, then.
Menkaure shouts!
Menkaure mumbles some strange words.
Menkaure seems to speed up.
You see here 17 gold pieces.
You now have 272 gold pieces (gained 17).
Menkaure calls on the powers of darkness!
Your body is wracked with pain!
You feel better.
Menkaure hums a few words.
You hit Menkaure but do no damage. Menkaure barely misses you.
You hit Menkaure.
Menkaure is moderately damaged.
Menkaure hits you!!
Really quaff the potion of lignification?
You turn into a tree.
Your +0 pair of gloves melds into your body.
Your +0 ring mail melds into your body.
Your roots penetrate the ground.
Menkaure hits you but does no damage.
You feel better. Menkaure hits you!
* * * LOW HITPOINT WARNING * * *
It was a potion of might.
You feel very mighty all of a sudden. Menkaure hits you!
* * * LOW HITPOINT WARNING * * *
Menkaure hits you!
You die...
Your body crumbles into a pile of gold.

##.....##...............##
##........................##
#....................<.....#
...........................#
.............................##
..###.........................##
..# #...................>......#
P.♣ #..........................#
P.♣ #...........♣M.............#
.♣♣ #...#.....)#####.#.........#
♣.♣ #####.####### #.#....[....#
.♣♣ #............ ..........$##
.♣ #####.####### #.#.....>...#
♣♣ #.## .#....$....# # #..##
#.#.......?.# . ##..#
..#.......$.# .# ##.###
.##.........#


You could see Menkaure (fast).

Vanquished Creatures
  Grinder (D:4)
  A scorpion (D:4)
  2 hounds (D:4)
  A jelly (D:4)
  8 adders
  A worm (D:2)
  A dart slug (D:3)
  6 orcs
  6 ball pythons
  3 bats
  10 endoplasms
  3 giant cockroaches
  10 goblins
  7 hobgoblins
  4 jackals
  A quokka (D:1)
  4 frilled lizards (D:1)
  7 kobolds
76 creatures vanquished.

Notes
Turn   | Place    | Note
-------+----------+-------------------------------------------
     0 | D:1      | attentat the Merfolk Monk began the quest for the Orb.
     0 | D:1      | Reached XP level 1. HP: 18/18 MP: 1/1
   128 | D:1      | Reached skill level 4 in Long Blades
   211 | D:1      | Reached XP level 2. HP: 24/24 MP: 2/2
   593 | D:1      | Reached skill level 5 in Long Blades
   593 | D:1      | Reached XP level 3. HP: 27/29 MP: 3/3
  1006 | D:2      | Found a burning altar of Makhleb.
  1018 | D:2      | Reached XP level 4. HP: 30/35 MP: 4/4
  1271 | D:2      | Reached skill level 6 in Long Blades
  1433 | D:2      | Found Bymag's Distillery.
  1441 | D:2      | Bought a potion of curing for 42 gold pieces
  1441 | D:2      | Bought 2 potions of degeneration for 28 gold pieces
  2024 | D:3      | Found a glowing silver altar of Zin.
  2392 | D:3      | Found Xuhejud's Antique Armour Emporium.
  2543 | D:4      | Noticed an ogre
  2595 | D:4      | Noticed Menkaure
  2605 | D:3      | Reached XP level 5. HP: 31/41 MP: 5/5
  2674 | D:4      | Found a staircase to the Ecumenical Temple.
  2679 | D:4      | Reached skill level 7 in Long Blades
  2685 | Temple   | Entered the Ecumenical Temple
  2823 | Temple   | Became a worshipper of Gozag Ym Sagoz the Greedy
  3412 | D:4      | Reached skill level 8 in Long Blades
  3412 | D:4      | Reached XP level 6. HP: 35/47 MP: 6/6
  3661 | D:4      | Found a runed translucent door.
  3662 | D:4      | Noticed Crazy Yiuf
  3710 | D:5      | Entered Level 5 of the Dungeon
  3790 | D:4      | Noticed Grinder
  3795 | D:4      | Paralysed by Grinder for 5 turns
  3809 | D:4      | Paralysed by Grinder for 3 turns
  3828 | D:4      | Paralysed by Grinder for 5 turns
  3836 | D:4      | Paralysed by Grinder for 2 turns
  3844 | D:4      | Paralysed by Grinder for 2 turns
  3861 | D:4      | Paralysed by Grinder for 5 turns
  3869 | D:4      | Killed Grinder
  3870 | D:4      | Reached skill level 9 in Long Blades
  3870 | D:4      | Reached XP level 7. HP: 52/52 MP: 7/7
  3945 | D:4      | Mangled by Menkaure

Illustrated notes

Levels and vault maps discovered:
D:1:      dpeg_arrival_tiny_c, layout_loops_cross, serial_glass,
          glass_columns_b, glass_columns_b, nrook_uturn, minmay_nonomino_d4
D:2:      layout_loops_ring, basic_altar, serial_shops, shop
D:3:      layout_loops_cross, zin_academy, serial_shops,
          nicolae_shop_real_fake_doors, minmay_misc_feat_secret_circle
D:4:      layout_rooms, minmay_temple_entry_arrows, uniq_grinder, uniq_menkaure,
          uniq_crazy_yiuf_cottage
D:5:      layout_loops_ring, lemuel_doored_altar, serial_shops,
          nicolae_diamond_shop
Temple:   nicolae_temple_bog_church

Skill      XL: |  1  2  3  4  5  6 |
---------------+-------------------+-----
Long Blades    | 4 5 6 8 9 |  9.6
Fighting       | |  3.2
Dodging        | |  4.0

Action                     |  1- 3 |  4- 6 |  7- 9 || total
---------------------------+-------+-------+-------++-------
  Melee: Falchion          |    86 |   165 |     2 ||   253
    Use: Scroll            |     1 |     2 |       ||     3
         Potion            |       |     3 |     4 ||     7
 Armour: Robe              |    20 |     4 |       ||    24
         Leather armour    |       |    10 |       ||    10
         Ring mail         |       |    27 |       ||    27
         Skin              |       |    17 |     1 ||    18
  Dodge: Dodged            |    61 |    98 |     1 ||   160
